[Event "Championnat National du Sénégal"]
[Site "Arène National, Pikine, Senegal"]
[Date "2022.11.19"]
[Round "7.3"]
[White "Lesbros, Bernard"]
[Black "Diankha, Bara"]
[Result "1-0"]
[TimeControl "01.30 fb .30"]
[WhiteElo "1878"]
[BlackElo "1400"]

1. Nf3 c6 2. c4 Nf6 3. d4 d5 4. Qc2 Bg4 5. Ne5 e6 6. Nxg4 Nxg4 7. g3 Qb6 8. e3 Be7 9. Bg2 Qb4+ 10.
Nd2 O-O 11. O-O Nd7 12. h3 Nh6 13. a3 Qa5 14. b4 Qd8 15. Bb2 Bd6 16. e4 Bc7 17. cxd5 cxd5 18. Rac1 Rc8 19. exd5 exd5 20.
Bxd5 b6 21. Bb7 Bxg3 22. Bxc8 Bf4 23. Bxd7 Qxd7 24. Kg2 Qd5+ 25. Nf3 Nf5 26. Qc6 Nh4+ 27. Kh1 Qh5 28. Nxh4 Qxh4 29. Qg2 Bxc1 30.
Rxc1 Qf4 31. d5 f6 32. Re1 Qd2 33. Rg1 g6 34. f3 Qxd5 35. Qe2 Kg7 36. Rd1 Qf5 37. Qg2 Rf7 38. Kg1 b5 39.
Rd2 Qf4 40. Qf2 a6 41. Rd4 Qf5 42. Bc1 Qxh3 43. Qh2 Qc8 44. Bh6+ Kg8 45. Qd2 Qh3 46. Rd8+ Rf8 47. Rxf8# 1-0

[ePGN "0.1;DGT LiveChess/2.2"]

[Event "Championnat National du Sénégal"]
[Site "Arène National, Pikine, Senegal"]
[Date "2022.11.20"]
[Round "8.4"]
[White "Ly, Abdoulaye Aziz"]
[Black "Lesbros, Bernard"]
[Result "0-1"]
[TimeControl "01.30 fb .30"]
[WhiteElo "1400"]
[BlackElo "1878"]

1. e4 c5 2. Nf3 Nc6 3. d4 cxd4 4. Nxd4 g6 5. c4 Bg7 6. Be3 Nf6 7. Nc3 d6 8. h3 Bd7 9. Nc2 O-O 10.
Be2 Be6 11. Na3 Qa5 12. O-O Nd7 13. Bd2 Qb6 14. Rb1 f5 15. Be3 Qa5 16. Rc1 f4 17. Bd2 Qg5 18. Bg4 Bxg4 19. Qxg4 Qxg4 20.
hxg4 Nc5 21. Nab1 Nd3 22. b3 Nxc1 23.
Bxc1 Nb4 24. Rd1 g5 25. Nd5 Nxd5 26. Rxd5 Be5 27. f3 Rfc8 28. Bd2 Kf7 29. Bc3 Bxc3 30. Nxc3 Rc5 31. Rd2 a6 32.
Na4 Rc6 33. Rd5 b5 34. cxb5 axb5 35. Rxb5 Rc1+ 36. Kh2 h6 0-1

[Event "Championnat National du Sénégal"]
[Site "Arène National, Pikine, Senegal"]
[Date "2022.11.20"]
[Round "8.2"]
[White "Bodin-Hulin, Thomas"]
[Black "CM Wane, Al Hassane"]
[Result "1/2-1/2"]
[TimeControl "01.30 fb .30"]
[WhiteElo "1838"]
[BlackElo "1789"]

1. e4 c5 2. Nf3 Nc6 3. d4 cxd4 4. Nxd4 Nf6 5. Nc3 e6 6. Be3 Bb4 7. f3 d5 8. Nxc6 bxc6 9. e5 Nd7 10.
f4 c5 11. a3 Ba5 12. Bd2 O-O 13. Be2 Qh4+ 14. g3 Qh3 15. Bf1 Qf5 16. g4 Qg6 17. Bd3 Qh6 18. h4 g6 19. g5 Qg7 20.
Qg4 c4 21. Be2 d4 22. Ne4 Bxd2+ 23. Kxd2 c3+ 24. bxc3 dxc3+ 25. Ke1 Bb7 26. Nf6+ Nxf6 27. gxf6 Qh6 28. Rg1 Kh8 29. Rg3 Rac8 30.
Bd3 Rfd8 31. Ke2 Rd4 32. Rf1 Be4 33. h5 Bxd3+ 34. Rxd3 Rxd3 35. Kxd3 gxh5 36. Qf3 Qg6+ 37. Qe4 Rd8+ 38.
Ke3 Qg3+ 39. Qf3 Qh2 40. Rd1 Rg8 41. Ke4 Qxc2+ 42. Qd3 Qg2+ 43. Qf3 Qg6+ 44. Kd4 c2 45. Rc1 Rd8+ 46. Kc3 Rc8+ 47.
Kb2 h6 48. Qb7 Rc5 49. Qxa7 Rc4 50.
f5 exf5 51. Qe7 f4 52. e6 fxe6 53. f7 Qg7+ 54. Ka2 Rc8 55. Qe8+ Qf8 56. Qxe6 Ra8 57. Qb3 Rb8 58. Qe6 Ra8 59.
Qb3 Rb8 60. Qe6 Ra8 61. Qb3 1/2-1/2

[Event "Championnat National du Sénégal"]
[Site "Arène National, Pikine, Senegal"]
[Date "2022.11.20"]
[Round "8.3"]
[White "Diankha, Bara"]
[Black "Ba, El Hadji Seydou Nourou"]
[Result "0-1"]
[TimeControl "01.30 fb .30"]
[WhiteElo "1400"]
[BlackElo "1644"]

1. c3 Nf6 2. Nf3 d5 3. d4 c5 4. dxc5 a5 5. e3 e6 6. Bb5+ Bd7 7. Bxd7+ Nbxd7 8. b4 axb4 9. cxb4 b6 10.
O-O bxc5 11. Bd2 cxb4 12. Nd4 Qb6 13. Qc2 Bc5 14. Nb3 Bd6 15. f4 O-O 16. Rf3 Ne4 17. Be1 Rfc8 18. Qe2 Ndc5 19. N1d2 Nxd2 20. Nxd2 b3 21. Nxb3 Nxb3 22. Rb1 Nd4 23.
Rxb6 Nxe2+ 24. Kf1 Bc5 25. f5 Bxb6 26. Kxe2 Rxa2+ 27. Kd3 e5 28. Bd2 e4+ 29. Kd4 0-1

[Event "Championnat National du Sénégal"]
[Site "Arène National, Pikine, Senegal"]
[Date "2022.11.20"]
[Round "8.1"]
[White "Diop, Wara"]
[Black "Koné, Sidy"]
[Result "1/2-1/2"]
[TimeControl "01.30 fb .30"]
[WhiteElo "1636"]
[BlackElo "1400"]

1. e4 c5 2. f4 Nc6 3. Nc3 g6 4. Nf3 Bg7 5. Bc4 e6 6. O-O Nge7 7. Qe1 d5 8. exd5 exd5 9. Nxd5 O-O 10.
Nxe7+ Nxe7 11. d3 Nf5 12. c3 a6 13. a4 Re8 14. Ne5 Be6 15. Qf2 Bxc4 16. dxc4 Bxe5 17. fxe5 Rxe5 18. Bf4 Re6 19.
g4 Ng7 20. Qxc5 Qb6 21. Qxb6 Rxb6 22. Rf2 Rc8 23. c5 Rb3 24.
Rd1 Ne6 25. Be3 Rd8 26. Rd6 b5 27. Rfd2 Rc8 28. axb5 axb5 29. c6 b4 30. Bd4 Nxd4 31. cxd4 Re3 32. d5 Re1+ 33. Kg2 Rc1 34.
Rf6 Rd8 35. Rf4 Rxc6 36. Rxb4 Rcd6 37. Rb5 g5 38. h3 h6 39. b4 Kg7 40. Kf3 Rc8 41. Ke4 f6 42. Kd4 Rc1 43. Rc5 Rb1 44.
Kc4 Kg6 45. Rc6 Rc1+ 46. Kb5 Rcxc6 47. dxc6 Rxd2 48. c7 Rc2 49.
Kb6 f5 50. gxf5 Kxf5 51. Kb7 g4 52. hxg4+ Kxg4 53. c8=Q+ Rxc8 54. Kxc8 h5 55. b5 h4 56. b6 h3 57. b7 h2 1/2-1/2

[Event "Championnat National du Sénégal"]
[Site "Arène National, Pikine, Senegal"]
[Date "2022.11.20"]
[Round "8.5"]
[White "Diatta, Robert Kaundum A."]
[Black "Valerevna, Nadezhda Marochkina"]
[Result "0-1"]
[TimeControl "01.30 fb .30"]
[WhiteElo "1635"]
[BlackElo "1668"]

1. b3 d5 2. Ba3 Nf6 3. d4 Bf5 4. Nf3 Nbd7 5. g3 g6 6. Nh4 Be6 7. Bg2 Bg7 8. O-O Nb6 9. f4 Qd7 10.
Nc3 Bh3 11. Na4 Nxa4 12. Bxh3 Qxh3 13. bxa4 Ng4 14. Nf3 Ne3 15. Qd3 Qg2# 0-1

[ePGN "0.1;DGT LiveChess/2.2"]

[Event "Championnat National du Sénégal"]
[Site "Arène National, Pikine, Senegal"]
[Date "????.??.??"]
[Round "9.4"]
[White "CM Wane, Al Hassane"]
[Black "Diankha, Bara"]
[Result "0-1"]
[TimeControl "01.30 fb .30"]
[WhiteElo "1789"]
[BlackElo "1400"]

1. d4 d5 2. c4 c6 3. Nf3 Nf6 4. Bf4 dxc4 5. e3 b5 6. a4 Qa5+ 7. Nc3 b4 8. Nb1 Ba6 9. Ne5 c3 10.
Bxa6 cxb2 11. Ra2 b3+ 12. Qd2 Qxd2+ 13. Kxd2 bxa2 14. Bc4 a1=Q 15. Bxf7+ Kd8 16. Bb3 Ne4+ 17. Kc2 Nd6 18. Nd3 Na6 19. Nxb2 Nb4+ 20. Kc3 Ne4+ 21.
Kxb4 e5+ 22. Kc4 exf4 23. Nd3 Nd2+ 0-1

[Event "Championnat National du Sénégal"]
[Site "Arène National, Pikine, Senegal"]
[Date "????.??.??"]
[Round "9.3"]
[White "Ba, El Hadji Seydou Nourou"]
[Black "Ly, Abdoulaye Aziz"]
[Result "1-0"]
[TimeControl "01.30 fb .30"]
[WhiteElo "1644"]
[BlackElo "1400"]

1. e4 e5 2. Nf3 Nc6 3. Bb5 a6 4. Ba4 Nf6 5. d3 Bc5 6. Bxc6 dxc6 7. Nbd2 O-O 8. Nc4 Re8 9. Qe2 Bg4 10. h3 Bxf3 11. Qxf3 Nd7 12. O-O Re6 13. Be3 Qh4 14. Bxc5 Nxc5 15.
Qe3 Nd7 16. f4 Rg6 17. Nxe5 Nxe5 18. fxe5 Re8 19. Rf5 Rg3 20. Qf2 Qxh3 21. Rf1 h5 22. Rxf7 Rxe5 23. Rxg7+ Kxg7 24. Qf6+ Kh7 25.
Qf7+ Kh6 26. Qf8+ Kg6 27. Qg8+ Kh6 28. Qf7 Kg5 29. Qf3 1-0

[Event "Championnat National du Sénégal"]
[Site "Arène National, Pikine, Senegal"]
[Date "????.??.??"]
[Round "9.5"]
[White "Koné, Sidy"]
[Black "Bodin-Hulin, Thomas"]
[Result "0-1"]
[TimeControl "01.30 fb .30"]
[WhiteElo "1400"]
[BlackElo "1838"]

1. e4 e6 2. d4 d5 3. Nd2 dxe4 4. Nxe4 Nd7 5. Nf3 Ngf6 6. Nxf6+ Nxf6 7. c3 Be7 8. Bd3 O-O 9. O-O c5 10.
h3 cxd4 11. Nxd4 e5 12. Nf5 Bc5 13. Be3 Qb6 14. Bxc5 Qxc5 15. Ng3 Be6 16. Ne4 Nxe4 17. Bxe4 f5 18. Bc2 Rad8 19. Qf3 Rd2 20. Bb3 Bxb3 21. axb3 e4 22. Qe3 Qxe3 23. fxe3 Rxb2 24.
Rxa7 Rxb3 25. Rc1 g5 26. Rc2 Kg7 27. Kf2 Rd8 28. Ra5 Kg6 29. Re5 Rd1 30. Re6+ Kf7 31. Re5 Kf6 32. Re8 Rbb1 33.
Re2 Rf1+ 34. Kg3 h5 35. Kh2 Rh1+ 36. Kg3 Rhf1 37. h4 gxh4+ 38. Kxh4 Rh1+ 39. Kg3 h4+ 40. Kf2 Rbf1# 0-1

[Event "Championnat National du Sénégal"]
[Site "Arène National, Pikine, Senegal"]
[Date "????.??.??"]
[Round "9.1"]
[White "Valerevna, Nadezhda Marochkina"]
[Black "Diop, Wara"]
[Result "1/2-1/2"]
[TimeControl "01.30 fb .30"]
[WhiteElo "1668"]
[BlackElo "1636"]

1. d4 Nf6 2. c4 d5 3. Nf3 dxc4 4. Nc3 c5 5. d5 e6 6. e4 exd5 7. exd5 a6 8. a4 Bd6 9. Bxc4 O-O 10.
O-O Bg4 11. Bg5 Nbd7 12. Ne4 Be5 13. Qb3 Bxf3 14. Qxf3 Qb6 15. Nxf6+ Nxf6 16. Bxf6 Bxf6 17. Rab1 Qb4 18. Qb3 Qxb3 19.
Bxb3 b5 20. Bc2 Rfe8 21. Rfd1 Bd4 22. Kf1 Rad8 23. b4 bxa4 24. Bxa4 Re5 25. Bc6 Kf8 26. bxc5 Bxc5 27. Ra1 Rb8 28.
Ra5 Bd6 29. Rxa6 Ke7 30. Raa1 Bc5 31. Rab1 Rxb1 32. Rxb1 Rf5 33. f3 g5 34. Re1+ Kd6 35. Re4 Rf6 36. Ke2 h5 37. h3 Rf4 38.
g3 Rf6 39. h4 Rg6 40. Kd3 Bf2 41. g4 gxh4 42. Ke2 Bg3 43. Kf1 hxg4 44. Rxg4 Rf6 45. Kg2 Rf5 46. Re4 Rg5 47. Kh3 Rg8 48.
Re8 Rg7 49. Rd8+ Kc5 50. Rd7 Rh7 51. Re7 Rg7 52. Be8 Kxd5 53. Rxf7 Rxf7 54. Bxf7+ Ke5 1/2-1/2